 Dungeon Crawl Stone Soup version 0.29.1-2-gbd0b4ee654 (webtiles) character file.

Game seed: 9487565709789086472

420 wingedge the Grave Robber (level 7, 0/50 (52) HPs)
             Began as a Formicid Necromancer on Nov 9, 2022.
             Slain by a gnoll
             ... wielding a +0 flail
             ... led by a gnoll bouda
              (9 damage)
             ... on level 5 of the Dungeon.
             The game lasted 00:16:13 (4740 turns).

wingedge the Grave Robber (Formicid Necromancer)    Turns: 4740, Time: 00:16:14

HP:   0/50 (52)     AC:  5    Str: 15    XL:     7   Next: 16%
MP:   2/10          EV: 11    Int: 14    God:
Gold: 217           SH:  0    Dex: 20    Spells: 2/10 levels left

rFire   . . .      SeeInvis +   a - +1 hand axe (vamp)
rCold   . . .      Faith    .   (no shield)
rNeg    . . .      Spirit   .   d - +0 ring mail
rPois   +          Reflect  .   (helmet unavailable)
rElec   .          Harm     .   (no cloak)
rCorr   .          Rampage  .   (no gloves)
Will    .....                   (no boots)
Stlth   ++........              (no amulet)
HPRegen 0.16/turn               o - +6 ring of dexterity
MPRegen 0.12/turn               q - ring of poison resistance

@: animating dead (expiring), lightly drained
A: permanent stasis, dig shafts and tunnels, antennae 3, four strong arms
a: Dig, Shaft Self


You were on level 5 of the Dungeon.
You visited 1 branch of the dungeon, and saw 5 of its levels.

You collected 217 gold pieces.

Inventory:

Hand Weapons
 a - a +1 vampiric hand axe (weapon)
 b - a +1 sling of flaming
Armour
 d - a +0 ring mail (worn)
 k - an orb of energy
 u - a +0 robe
Jewellery
 o - a +6 ring of dexterity (left hand)
 q - a ring of poison resistance (right hand)
Scrolls
 c - a scroll of blinking {unknown}
 f - a scroll of noise {unknown}
 h - a scroll of vulnerability {unknown}
 i - 2 scrolls of immolation
 j - a scroll of amnesia {unknown}
 l - a scroll of magic mapping
Potions
 g - 2 potions of flight
 n - 2 potions of brilliance
 p - a potion of haste {unknown}
 t - 2 potions of cancellation {unknown}


   Skills:
 + Level 3.0 Fighting
 - Level 2.0 Short Blades
 - Level 1.0 Ranged Weapons
 - Level 3.0 Armour
 - Level 2.0 Dodging
 - Level 3.0 Stealth
 - Level 2.1 Spellcasting
 - Level 6.0 Necromancy


You had 2 spell levels left.
You knew the following spells:

 Your Spells              Type           Power      Damage    Failure   Level
a - Necrotise             Necr           72%        1d7       3%          1
b - Vampiric Draining     Necr           18%        2d7       12%         3
c - Animate Dead          Necr           18%        N/A       36%         4

Your spell library contained the following spells:

 Spells                   Type           Power      Damage    Failure   Level
 Agony                    Necr           18%        N/A       71%         5


Dungeon Overview and Level Annotations

Branches:
Dungeon (5/15)             Temple (0/1) D:5

Altars:

Annotations:
D:5 Menkaure


Innate Abilities, Weirdness & Mutations

You cannot be hasted, slowed, berserked, paralysed or teleported.
You can dig through walls and to a lower floor.
You have a pair of large antennae on your head. (SInv)
Your four strong arms can wield two-handed weapons with a shield.


Message History

The gnoll bouda calls upon its god to heal the gnoll.
The gnoll's wounds heal themselves!
Your gnoll skeleton hits the gnoll.
Unknown command.
Unknown command.
Unknown command.
You barely miss the gnoll.
The gnoll is moderately wounded.
You closely miss the gnoll bouda.
Your attacks no longer feel as feeble.
The gnoll closely misses you.
Your gnoll skeleton hits the gnoll.
Unknown command.
Unknown command.
Unknown command.
You slash the gnoll!
The gnoll is almost dead.
You hit the gnoll bouda.
You feel better.
The gnoll is no longer moving quickly.
The white imp disappears for a moment.
The gnoll barely misses you.
Your gnoll skeleton hits the gnoll.
The gnoll bouda hits you with a +0 club.
* * * LOW HITPOINT WARNING * * *
Unknown command.
Unknown command.
You hit the gnoll.
You kill the gnoll!
You hit the gnoll bouda.
The dead are walking!
You hear the quick rusting of a very distant drain.
The gnoll bouda hits you with a +0 club.
* * * LOW HITPOINT WARNING * * *
Your gnoll skeleton hits the gnoll.
Your magical contamination has completely faded away.
Training target 1.0 for Ranged Weapons reached!
Your Ranged Weapons skill increases to level 1!
You need to enable at least one skill for training.
You hit the gnoll bouda but do no damage.
The gnoll bouda is moderately wounded.
You hit the gnoll.
Your reaping aura is weakening.
The gnoll hits you with a +0 flail!
You die...

,,,,..................###*,,,..,,
**,,#.......##......#...#####.#,,
**,,......#.##.#....#.........#,,
,,,*........##.'....'......#...,,
,*,,....#$######....#........#*,,
,*,,##....* #.(..#......#.#**,
,,,,......####*#....#......#.# *,
,***..........##....#........###.
,* *,........g5g@...#....#.......
,* *,,*.#.#.#Z#g#####....###..###
,***,,,,.....Z).# ###### #.....
,,,*,,*,.....)#.# #..#..
,*,,,,,.........# ##...<
,,,,,,*...>...#.# #.###
,,**,,,.........# #.##
****,,*.......#.# #..#
*,,,,....,,..# ##.##


You could see a gnoll bouda, 2 gnolls, a white imp, a friendly gnoll zombie and
a friendly gnoll skeleton.

Vanquished Creatures
  2 scorpions
  A howler monkey (D:4)
  A hound (D:5)
  2 iguanas
  An orc wizard (D:2)
  3 gnolls
  4 adders
  A worm (D:2)
  2 dart slugs
  9 orcs
  12 bats
  7 endoplasms
  2 giant cockroaches
  5 hobgoblins
  2 jackals (D:2)
  6 kobolds
  7 quokkas
  8 ball pythons
  2 frilled lizards (D:2)
  7 goblins
  6 rats
90 creatures vanquished.

Vanquished Creatures (collateral kills)
  A bat (D:2)
  A jackal (D:2)
  A ball python (D:1)
3 creatures vanquished.

Vanquished Creatures (others)
  An orc zombie (D:5)
1 creature vanquished.

Grand Total: 94 creatures vanquished

Notes
Turn   | Place    | Note
-------+----------+-------------------------------------------
     0 | D:1      | wingedge the Formicid Necromancer began the quest for the
                  | Orb.
     0 | D:1      | Reached XP level 1. HP: 13/13 MP: 3/3
   122 | D:1      | Found a faded altar of an unknown god.
   256 | D:1      | Reached XP level 2. HP: 20/20 MP: 3/5
   328 | D:1      | Reached skill level 1 in Fighting
   597 | D:1      | Reached XP level 3. HP: 24/27 MP: 0/6
  1022 | D:2      | Reached skill level 1 in Armour
  1562 | D:2      | Reached XP level 4. HP: 31/33 MP: 0/7
  2152 | D:2      | Learned a level 3 spell: Vampiric Draining
  2203 | D:3      | Reached skill level 1 in Short Blades
  2440 | D:2      | Reached XP level 5. HP: 21/38 MP: 1/8
  2946 | D:3      | Reached XP level 6. HP: 39/47 MP: 4/9
  3502 | D:4      | Reached skill level 5 in Necromancy
  3710 | D:4      | Learned a level 4 spell: Animate Dead
  4247 | D:5      | Entered Level 5 of the Dungeon
  4249 | D:5      | Noticed Menkaure
  4656 | D:5      | Reached XP level 7. HP: 47/52 MP: 10/10
  4679 | D:5      | Reached skill level 6 in Necromancy
  4715 | D:5      | Found a staircase to the Ecumenical Temple.
  4740 | D:5      | Reached skill level 1 in Ranged Weapons
  4740 | D:5      | Slain by a gnoll

Illustrated notes

Levels and vault maps discovered:
D:1:      psy_arrival_radial01, layout_basic, basic_ecumenical_altar,
          minmay_misc_feat_four_crosses, minmay_indecisive_spiral
D:2:      layout_basic
D:3:      layout_loops_ring
D:4:      layout_gridville
D:5:      layout_basic, mainiacjoe_overflow_cross_hatched,
          minmay_temple_entry_glass, portal_sewer_entry_b, uniq_menkaure

Skill      XL: |  1  2  3  4  5  6  7 |
---------------+----------------------+-----
Dodging        | 2 |  2.0
Fighting       | 1 2 3 |  3.0
Stealth        | 3 |  3.0
Armour         | 2 3 |  3.0
Short Blades   | 2 |  2.0
Necromancy     | 5 6 |  6.0
Ranged Weapons | 1 |  1.0
Spellcasting   | |  2.1

Action                   |  1- 3 |  4- 6 |  7- 9 || total
-------------------------+-------+-------+-------++-------
Melee: Rapier            |    24 |    99 |       ||   123
       Punch             |       |     2 |       ||     2
       Hand axe          |       |     9 |    10 ||    19
 Fire: Sling             |       |    15 |       ||    15
 Cast: Necrotise         |    72 |    47 |     5 ||   124
       Vampiric Draining |       |     3 |     2 ||     5
       Animate Dead      |       |       |     1 ||     1
  Use: Scroll            |       |     6 |     1 ||     7
       Potion            |       |       |     3 ||     3
Armor: Robe              |     5 |       |       ||     5
       Ring mail         |    14 |    52 |     8 ||    74
Dodge: Dodged            |    34 |    74 |    25 ||   133
